 Dungeon Crawl Stone Soup version 0.31-a0-175-g9f7f995f2b (webtiles) character file.

Game seed: 14519051342393459596

28350 pokeman the Eclecticist (level 13, -1/74 HPs)
             Began as a Deep Elf Hedge Wizard on June 16, 2023.
             Was a High Priest of Vehumet.
             Killed from afar by a raiju (11 damage)
             ... with a living lightning
             ... on level 3 of the Abyss.
             The game lasted 00:47:59 (16951 turns).

pokeman the Eclecticist (Deep Elf Hedge Wizard)    Turns: 16951, Time: 00:48:00

Health: -1/74      AC: 12    Str:  7    XL:     13   Next: 9%
Magic:  4/39       EV: 11    Int: 25    God:    Vehumet [*****.]
Gold:   652        SH:  0    Dex: 12    Spells: 23/48 levels left

rFire   . . .        N - staff of conjuration
rCold   . . .        (no shield)
rNeg    . . .        C - +0 acid dragon scales
rPois   .            w - +0 helmet
rElec   .            y - +0 cloak
rCorr   +            v - +0 pair of gloves
SInv    .            l - +0 pair of boots
Will    +....        (no amulet)
Stlth   ++           H - ring of magical power
HPRegen 0.32/turn    (no ring)
MPRegen 0.26/turn

%: no passive effects
@: very slightly contaminated, unable to drink
A: [clumsy 1], [low MP 2], [inability to drink after injury 2]
a: Renounce Religion


You were on level 3 of the Abyss.
You worshipped Vehumet.
Vehumet was extremely pleased with you.
You visited 2 branches of the dungeon, and saw 15 of its levels.
You visited the Abyss 1 time.

You collected 1235 gold pieces.
You spent 583 gold pieces at shops.

Inventory:

Hand Weapons
 B - a +2 dagger of venom
Armour
 b - the +0 robe of Spite {rC+++ Will- Regen+ Stlth+}
   (You found it on level 14 of the Dungeon)

   rC:        It renders you almost immune to cold.
   Regen:     It increases your rate of health regeneration.
   Will:      It decreases your willpower.
   Stlth:     It makes you more stealthy.
 l - a +0 pair of boots (worn)
 v - a +0 pair of gloves (worn)
 w - a +0 helmet (worn)
 y - a +0 cloak (worn)
 C - +0 acid dragon scales (worn)
Magical Staves
 I - a staff of death
 N - a staff of conjuration (weapon)
Jewellery
 H - a ring of magical power (left hand)
Wands
 n - a wand of flame (41)
 u - a wand of iceblast (8)
 A - a wand of mindburst (20)
 E - a wand of charming (22)
Scrolls
 e - 5 scrolls of blinking
 f - 6 scrolls of teleportation
 k - a scroll of acquirement {unknown}
 o - 5 scrolls of immolation
 p - 2 scrolls of fog
 q - 3 scrolls of revelation
 s - 2 scrolls of enchant weapon
 x - a scroll of silence
 D - a scroll of amnesia
 F - 2 scrolls of fear {unknown}
 G - 5 scrolls of poison {unknown}
 K - 2 scrolls of enchant armour {unknown}
 M - a scroll of vulnerability {unknown}
Potions
 a - a potion of resistance
 c - 4 potions of lignification
 d - a potion of magic
 g - 6 potions of might
 h - 4 potions of brilliance
 i - 3 potions of invisibility
 j - 8 potions of curing
 m - 3 potions of enlightenment
 r - 2 potions of cancellation
 t - 2 potions of haste {unknown}
 z - a potion of berserk rage {unknown}
 J - 2 potions of degeneration {unknown}
 L - a potion of heal wounds {unknown}


   Skills:
 - Level 6.0 Fighting
 - Level 5.0 Armour
 - Level 3.0 Dodging
 - Level 3.1 Stealth
 + Level 2.5 Shields
 * Level 18.2 Spellcasting
 + Level 10.9 Conjurations
 - Level 1.1 Summonings
 - Level 1.1 Necromancy
 - Level 1.1 Translocations
 - Level 1.0 Fire Magic
 - Level 9.0 Ice Magic
 - Level 1.0 Air Magic
 + Level 6.0 Earth Magic
 - Level 1.0 Poison Magic
 - Level 1.0 Evocations


You had 23 spell levels left.
You knew the following spells:

 Your Spells              Type           Power      Damage    Failure   Level
a - Magic Dart            Conj           100%       1d8       1%          1
b - Mephitic Cloud        Conj/Pois/Air  61%        N/A       1%          3
c - Call Imp              Summ           56%        N/A       3%          2
d - Blink                 Tloc           56%        N/A       3%          2
e - Foxfire               Conj/Fire      100%       2x1d9     1%          1
f - Freezing Cloud        Conj/Ice/Air   36%        6-21      1%          5
g - Iskenderun's Battles  Conj           86%        2d13      1%          5
h - Leda's Unmaking       Conj/Erth      39%        9d7       4%          6

Your spell library contained the following spells:

 Spells                   Type           Power      Damage    Failure   Level
 Iskenderun's Mystic Bla  Conj/Tloc      68%        2d14      1%          4
 Momentum Strike          Conj/Tloc      100%       3d10      1%          2
 Poisonous Vapours        Pois/Air       56%        N/A       1%          2
 Slow                     Hex            88%        N/A       3%          1
 Cigotuvi's Dreadful Rot  Necr/Pois/Air  56%        N/A       3%          2
 Lesser Beckoning         Tloc           56%        N/A       3%          2
 Sublimation of Blood     Necr           28%        N/A       3%          2
 Wereblood                Tmut           22%        N/A       5%          2
 Vampiric Draining        Necr           28%        2d8       7%          3
 Confusing Touch          Hex            22%        N/A       11%         3
 Petrify                  Tmut/Erth      37%        N/A       11%         4
 Metabolic Englaciation   Hex/Ice        22%        N/A       16%         5
 Spellforged Servitor     Conj/Summ      34%        N/A       52%         7
 Statue Form              Tmut/Erth      24%        N/A       86%         6
 Malign Gateway           Summ/Tloc      14%        N/A       100%        7
 Summon Hydra             Summ           14%        N/A       100%        7
 Summon Horrible Things   Summ           14%        N/A       100%        8


Dungeon Overview and Level Annotations

Branches:
Dungeon (14/15)            Temple (1/1) D:6            Lair (0/5) D:9
    Orc (0/2) D:12         Vaults (0/5) D:13

Altars:
Cheibriados
Dithmenos
Elyvilon
Fedhas
Gozag
Hepliaklqana
Kikubaaqudgha
Makhleb
Nemelex Xobeh
Okawaru
Qazlal
Ru
Sif Muna
Trog
Uskayaw
Vehumet
Wu Jian
Xom
Yredelemnul
Zin
The Shining One

Shops:
D:6 *   D:10 ?   D:12 ?

Annotations:
D:6 Fly into tunnel
D:7 2 transporters, petzl's ghost, weakling FoDe
D:10 Amulet behind rock
D:14 Louise
Temple 2 transporters


Innate Abilities, Weirdness & Mutations

[You are clumsy. (Dex -2)]
[Your magical capacity is very low. (-20% MP)]
[You sometimes lose the ability to drink potions when taking damage.]


Message History

Splash!
You fall into the shallow water.
Moving in this stuff is going to be slow. 3 raiju come into view.
The raiju barks! x3; You hear a bark!
A raiju comes into view.
Unknown command.
Unknown command.
You feel stable enough to blink again.
The raiju bursts into living lightning!
The living lightning hits you!
You feel threatened and lose the ability to drink potions!
The raiju blinks! x2
Casting: Blink (safe; 3% risk of failure)
Confirm with . or Enter, or press ? or * to list all spells.
Aiming: Freezing Cloud (dangerous; 1% risk of failure)
Press: ? - help, Dir - move target You feel a surge of power!
That beam is likely to hit you.
Continue anyway?
You miscast Freezing Cloud.
You are very lightly contaminated with residual magic.
You are caught in an explosion of electrical discharges.
* * * LOW HITPOINT WARNING * * *
The raiju bites you but does no damage.
A tentacle flies out from the starspawn's body!
A starspawn tentacle comes into view.
Unknown command.
Unknown command.
Casting: Freezing Cloud (dangerous; 1% risk of failure)
Confirm with . or Enter, or press ? or * to list all spells.
Aiming: Freezing Cloud (dangerous; 1% risk of failure)
Press: ? - help, Dir - move target You feel a surge of power!
That beam is likely to hit you.
Continue anyway?
You are engulfed in freezing vapours.
* * * LOW HITPOINT WARNING * * *
The raiju is engulfed in freezing vapours.
The raiju bursts into living lightning!
The living lightning hits you!
You die...

##### #.w.# . ##§#.#
## . #.#..## #.## .
##.#..# #..##
#...##.X #@§#
.#w...#####h.#.# ≈
.#.~~##~##..§§..#
~~~....#.#~~.#Xw§#..#
~~≈
.#≈≈~~♣##§.§###...
..≈≈≈.≈h≈# h~##.. .##
. ..#...~~~~.~~. #.#
. #.#..h≈~~..~~~ ~♣ .
..###...#~♣... ~


You could see a tentacled starspawn, 2 raiju and a starspawn tentacle.

Vanquished Creatures
  Rupert (D:13)
  2 vault guards (D:13)
  5 two-headed ogres
  2 boulder beetles
  2 thrashing horrors (Abyss:3)
  Pikel (D:5)
  7 ugly things (D:14)
  4 manticores
  2 cyclopes
  A smoke demon (Abyss:3)
  Maggie (D:7)
  5 gargoyles
  A komodo dragon (D:12)
  4 trolls
  2 polar bears (D:14)
  2 hornets
  Grinder (D:6)
  2 centaur simulacra (D:14)
  5 wraiths
  A shadow (D:11)
  2 water elementals (D:14)
  8 yaks
  A small abomination (Abyss:3)
  2 wyverns
  9 vampire mosquitoes
  10 humans (D:13)
  A chaos spawn (Abyss:3)
  A redback simulacrum (D:14)
  A water moccasin (D:6)
  13 orc warriors
  4 ice beasts
  A sky beast (D:7)
  2 black bears (D:5)
  2 centaurs
  An ogre (D:8)
  3 wolves (D:14)
  A lemure (D:5)
  2 phantoms
  2 kobold brigands (D:9)
  A gnoll sergeant (D:8)
  3 bullfrogs
  3 scorpions
  5 wights
  6 killer bees (D:8)
  4 howler monkeys
  2 electric eels
  A hound (D:4)
  15 orc priests
  3 sleepcaps
  15 orc wizards
  3 iguanas
  A boggart simulacrum (D:14)
  Robin (D:2)
  8 adders
  7 gnolls
  2 shadow imps
  5 white imps
  5 ufetubi
  A worm (D:2)
  2 dart slugs
  67 orcs
  5 ball pythons
  6 endoplasms
  4 giant cockroaches
  16 goblins
  13 hobgoblins
  18 kobolds
  5 quokkas
  10 bats
  4 rats
358 creatures vanquished.

Vanquished Creatures (collateral kills)
  An orc (D:7)
1 creature vanquished.

Vanquished Creatures (others)
  An electric eel (D:6)
  227 foxfires
  4 starspawn tentacles (Abyss:3)
232 creatures vanquished.

Grand Total: 591 creatures vanquished

Notes
Turn   | Place    | Note
-------+----------+-------------------------------------------
     0 | D:1      | pokeman the Deep Elf Hedge Wizard began the quest for the
                  | Orb.
     0 | D:1      | Reached XP level 1. HP: 10/10 MP: 7/7
   314 | D:1      | Reached XP level 2. HP: 13/15 MP: 0/9
   614 | D:1      | Reached skill level 5 in Spellcasting
   809 | D:1      | Reached XP level 3. HP: 19/20 MP: 8/11
   813 | D:1      | Learned a level 3 spell: Mephitic Cloud
   816 | D:1      | Learned a level 2 spell: Call Imp
   819 | D:1      | Learned a level 2 spell: Blink
  1319 | D:2      | Noticed Robin
  1324 | D:2      | Reached skill level 1 in Fighting
  1324 | D:2      | Reached skill level 1 in Armour
  1346 | D:2      | Killed Robin
  1347 | D:2      | Reached XP level 4. HP: 24/25 MP: 0/13
  1699 | D:2      | Noticed a scorpion
  1711 | D:2      | Killed a scorpion
  1712 | D:2      | Reached skill level 6 in Spellcasting
  1712 | D:2      | Reached XP level 5. HP: 8/29 MP: 2/15
  2967 | D:3      | Learned a level 5 spell: Freezing Cloud
  2982 | D:3      | Found a burning altar of Makhleb.
  3290 | D:3      | Reached skill level 1 in Poison Magic
  3395 | D:3      | Reached skill level 1 in Ice Magic
  3395 | D:3      | Reached skill level 1 in Air Magic
  3395 | D:3      | Reached XP level 6. HP: 34/34 MP: 7/17
  4136 | D:4      | Reached skill level 7 in Spellcasting
  4609 | D:5      | Entered Level 5 of the Dungeon
  4711 | D:5      | Reached XP level 7. HP: 38/38 MP: 16/20
  4873 | D:5      | Reached skill level 1 in Evocations
  4884 | D:5      | Reached skill level 8 in Spellcasting
  5213 | D:5      | Noticed Pikel
  5238 | D:5      | Killed Pikel
  5239 | D:5      | Reached skill level 9 in Spellcasting
  5239 | D:5      | Reached XP level 8. HP: 33/44 MP: 13/23
  5272 | D:5      | Reached skill level 5 in Conjurations
  5763 | D:6      | Found a staircase to the Ecumenical Temple.
  5773 | D:6      | Noticed Grinder
  5795 | D:6      | Found Fayll's Assorted Antiques.
  5986 | Temple   | Entered the Ecumenical Temple
  5986 | Temple   | Found a transporter.
  5986 | Temple   | Found a transporter.
  5988 | Temple   | Found a transporter.
  5988 | Temple   | Found a transporter.
  6006 | Temple   | Became a worshipper of Vehumet
  6145 | D:6      | Reached skill level 10 in Spellcasting
  6455 | D:6      | Killed Grinder
  6550 | D:6      | Reached XP level 9. HP: 41/48 MP: 22/25
  7241 | D:7      | Reached skill level 5 in Ice Magic
  7356 | D:7      | Noticed Maggie
  7375 | D:7      | Killed Maggie
  7376 | D:7      | Reached skill level 11 in Spellcasting
  7840 | D:7      | Found a transporter.
  7840 | D:7      | Found a transporter.
  7851 | D:7      | Found a bloodstained altar of Trog.
  7861 | D:7      | Noticed a moth of wrath
  7898 | D:7      | Noticed petzl's ghost (weakling FoDe)
  8418 | D:8      | Reached skill level 12 in Spellcasting
  8418 | D:8      | Reached * piety under Vehumet
  8418 | D:8      | Offered knowledge of Foxfire by Vehumet.
  8427 | D:8      | Learned a level 1 spell: Foxfire
  8725 | D:8      | Noticed a cyclops
  8734 | D:8      | Killed a cyclops
  8735 | D:8      | Reached skill level 1 in Necromancy
  8735 | D:8      | Reached skill level 1 in Fire Magic
  9139 | D:8      | Reached XP level 10. HP: 56/56 MP: 28/28
  9416 | D:8      | Offered knowledge of Freeze by Vehumet.
  9422 | D:8      | Reached ** piety under Vehumet
  9426 | D:8      | Reached skill level 13 in Spellcasting
  9735 | D:9      | Noticed a manticore
  9745 | D:9      | Killed a manticore
  9813 | D:9      | Found a staircase to the Lair.
  9991 | D:9      | Reached skill level 14 in Spellcasting
 10076 | D:10     | Entered Level 10 of the Dungeon
 10205 | D:10     | Offered knowledge of Volatile Blastmotes by Vehumet.
 10541 | D:10     | Found an opulent altar of Gozag.
 10587 | D:10     | Found Jeumuwa's Magic Scroll Boutique.
 10594 | D:10     | Bought a scroll of identify for 30 gold pieces
 10594 | D:10     | Bought a scroll of revelation for 112 gold pieces
 10594 | D:10     | Bought a scroll of revelation for 112 gold pieces
 10594 | D:10     | Bought a scroll of blinking for 112 gold pieces
 10646 | D:10     | Found a sacrificial altar of Ru.
 11068 | D:11     | Noticed a two-headed ogre
 11076 | D:11     | Noticed a two-headed ogre
 11077 | D:11     | Killed a two-headed ogre
 11078 | D:11     | Reached XP level 11. HP: 61/61 MP: 31/31
 11087 | D:11     | Killed a two-headed ogre
 11274 | D:11     | Noticed a two-headed ogre
 11587 | D:11     | Reached skill level 15 in Spellcasting
 11667 | D:11     | Noticed a two-headed ogre
 11673 | D:11     | Killed a two-headed ogre
 11731 | D:11     | Noticed a boulder beetle
 11732 | D:11     | Noticed a tengu warrior
 11866 | D:11     | Reached *** piety under Vehumet
 11992 | D:11     | Killed a two-headed ogre
 11993 | D:11     | Reached skill level 5 in Armour
 12089 | D:12     | Learned a level 5 spell: Iskenderun's Battlesphere
 12096 | D:12     | Learned a level 6 spell: Leda's Unmaking
 12180 | D:12     | Noticed a boulder beetle
 12192 | D:12     | HP: 3/61 [boulder beetle (41)]
 12193 | D:12     | Killed a boulder beetle
 12194 | D:12     | Reached skill level 1 in Earth Magic
 12586 | D:12     | Offered knowledge of Hailstorm by Vehumet.
 12972 | D:12     | Reached skill level 16 in Spellcasting
 13040 | D:12     | Found Hucwio's Magic Scroll Shoppe.
 13040 | D:12     | Noticed a two-headed ogre
 13046 | D:12     | Killed a two-headed ogre
 13089 | D:12     | Bought a scroll of blinking for 105 gold pieces
 13089 | D:12     | Bought a scroll of teleportation for 42 gold pieces
 13089 | D:12     | Bought a scroll of identify for 28 gold pieces
 13089 | D:12     | Bought a scroll of teleportation for 42 gold pieces
 13204 | D:12     | Found a staircase to the Orcish Mines.
 13249 | D:12     | Reached XP level 12. HP: 67/67 MP: 34/34
 13782 | D:13     | Noticed a boulder beetle
 13800 | D:13     | Killed a boulder beetle
 13800 | D:13     | Reached **** piety under Vehumet
 13913 | D:13     | Reached skill level 5 in Fighting
 14035 | D:13     | Noticed Rupert
 14040 | D:13     | Paralysed by Rupert for 3 turns
 14048 | D:13     | Killed Rupert
 14048 | D:13     | Offered knowledge of Irradiate by Vehumet.
 14049 | D:13     | Reached skill level 10 in Conjurations
 14540 | D:13     | Noticed a vault guard
 14779 | D:13     | Reached skill level 17 in Spellcasting
 14833 | D:13     | Noticed a vault guard
 14846 | D:13     | Killed a vault guard
 14931 | D:13     | Killed a vault guard
 15178 | D:13     | Found a gate to the Vaults.
 15330 | D:14     | Reached skill level 5 in Earth Magic
 15332 | D:14     | Reached skill level 1 in Shields
 15588 | D:14     | Identified the +0 robe of Spite {rC+++ Will- Regen+ Stlth+}
 16351 | D:14     | Reached ***** piety under Vehumet
 16421 | D:14     | Reached skill level 18 in Spellcasting
 16496 | D:14     | Offered knowledge of Iskenderun's Mystic Blast by Vehumet.
 16532 | D:14     | Reached XP level 13. HP: 74/74 MP: 37/37
 16553 | D:14     | Noticed Louise
 16604 | Abyss:3  | Found a corrupted altar of Lugonu.
 16604 | Abyss:3  | Cast into level 3 of the Abyss (Louise)
 16694 | Abyss:3  | Noticed a black draconian knight
 16833 | Abyss:3  | Found a corrupted altar of Lugonu.
 16873 | Abyss:3  | Noticed an eidolon
 16933 | Abyss:3  | Noticed a tentacled starspawn
 16951 | Abyss:3  | Killed from afar by a raiju

Illustrated notes

Levels and vault maps discovered:
D:1:      mrwooster_arrival_statue_2, layout_rooms
D:2:      kennysheep_six_static_rooms, layout_loops_corners,
          kennysheep_generic_room_12, uniq_robin
D:3:      layout_basic, mainiacjoe_overflow_paths
D:4:      layout_basic, chequers_serial_rivers_micro_d, nicolae_zen_rock_garden,
          chequers_decorated_corner, nicolae_nh_ransacked_shop
D:5:      layout_rooms, chequers_serial_rivers_large_b, grunt_decor_arrowhead,
          uniq_pikel
D:6:      layout_loops_ring, temple_pool_b, serial_shops, shop,
          minmay_misc_feat_pillars, water_maze_lemuel, uniq_grinder
D:7:      layout_rooms, gammafunk_ghost_wrathful_warriors, uniq_maggie
D:8:      layout_loops_corners, special_room [special_room_orc],
          grunt_decor_resistance, hangedman_minor_gate_pass
D:9:      layout_roguey, lair_entry_dummy
D:10:     layout_roguey, mainiacjoe_overflow_boulevard, nicolae_ru_awakened_eye,
          serial_shops, shop, item_on_display_a
D:11:     layout_rooms, lightli_corner_chamber
D:12:     layout_cave_pools, david_orc_4, kennysheep_small_square
D:13:     layout_layer_cave, ximxim_vaults_locker_room, uniq_rupert
D:14:     layout_loops_corners, serial_ice, serial_ice_a, serial_ice_n,
          serial_ice_e, serial_ice_d, serial_ice_f, serial_ice_b, serial_ice_j,
          serial_ice_h, serial_ice_o, serial_ice_c, uniq_louise
Temple:   hellmonk_temple_divided_pantheon
Abyss:3:  base:
D:3

Skill      XL: |  1  2  3  4  5  6  7  8  9 10 11 12 13 |
---------------+----------------------------------------+-----
Spellcasting   | 5 6 7 9 10 12 14 16 18 | 18.2
Conjurations   | 2 3 4 5 7 8 9 10 | 10.9
Fighting       | 1 2 3 4 6 |  6.0
Armour         | 1 2 3 4 5 |  5.0
Dodging        | 3 |  3.0
Stealth        | 3 |  3.1
Poison Magic   | 1 |  1.0
Ice Magic      | 1 2 3 4 6 7 9 |  9.0
Air Magic      | 1 |  1.0
Evocations     | 1 |  1.0
Necromancy     | 1 |  1.1
Fire Magic     | 1 |  1.0
Earth Magic    | 2 5 6 |  6.0
Shields        | 2 |  2.5
Summonings     | |  1.1
Translocations | |  1.1

Action                     |  1- 3 |  4- 6 |  7- 9 | 10-12 | 13-15 || total
---------------------------+-------+-------+-------+-------+-------++-------
  Melee: Hand axe          |    30 |    21 |       |       |       ||    51
         Dagger            |       |    23 |   156 |    72 |       ||   251
         Punch             |       |     1 |     3 |     3 |       ||     7
         Staff             |       |       |       |       |     1 ||     1
   Cast: Magic Dart        |    87 |   126 |   134 |   134 |     7 ||   488
         Mephitic Cloud    |     2 |    10 |    29 |    23 |       ||    64
         Blink             |       |       |     4 |    11 |     4 ||    19
         Call Imp          |       |       |     5 |     5 |       ||    10
         Freezing Cloud    |       |       |     7 |    61 |     6 ||    74
         Foxfire           |       |       |    15 |   106 |       ||   121
         Iskenderun's Batt |       |       |       |    28 |     2 ||    30
         Leda's Unmaking   |       |       |       |     7 |     7 ||    14
  Evoke: Wand              |       |       |       |     1 |       ||     1
    Use: Scroll            |       |       |       |    12 |     2 ||    14
   Stab: Confused          |       |     5 |    10 |     6 |       ||    21
         Distracted        |       |       |     1 |       |       ||     1
 Armour: Robe              |     6 |     5 |    44 |    17 |       ||    72
         Acid dragon scale |       |       |       |    71 |    15 ||    86
  Dodge: Dodged            |    39 |    27 |   101 |   114 |     7 ||   288

Table legend: (Time is in decaauts)
 A = Elapsed time spent in this place.
 B = Non-inter-level travel time spent in this place.
 C = Inter-level travel time spent in this place.
 D = Time resting spent in this place.
 E = Time spent auto-exploring this place.
 F = Levels seen in this place.
 G = Mean time per level.
                   A        B        C        D        E       F      G
               +--------+--------+--------+--------+--------+-----+--------+
         Total |  17026 |  16523 |    503 |   1106 |  12607 |  16 | 1064.1 |
       Dungeon |  16640 |  16137 |    503 |    936 |  12589 |  14 | 1188.6 |
        Temple |     36 |     36 |      0 |      0 |      0 |   1 |   36.0 |
         Abyss |    349 |    349 |      0 |    170 |     18 |   1 |  349.0 |
               +--------+--------+--------+--------+--------+-----+--------+

Top non-repeatable levels by time:
     D:2: 1929 daAuts
    D:13: 1802 daAuts
     D:8: 1542 daAuts
     D:6: 1513 daAuts
    D:12: 1345 daAuts
    D:14: 1286 daAuts
    D:10: 1119 daAuts
     D:5: 1083 daAuts
    D:11: 1006 daAuts
     D:1: 948 daAuts
     D:4: 902 daAuts
     D:7: 847 daAuts
     D:3: 842 daAuts
     D:9: 470 daAuts
 Abyss:3: 349 daAuts
